 Dungeon Crawl Stone Soup version 0.32-a0-699-g1ee5eff69a (webtiles) character file.

Game seed: 13767072139205327482

28585 sleeves the Unseen (level 13, -12/113 HPs)
             Began as an Armataur Artificer on Mar 14, 2024.
             Was a High Priest of Dithmenos.
             Mangled by a black mamba (19 damage)
             ... on level 2 of the Lair of Beasts.
             The game lasted 00:34:28 (17269 turns).

sleeves the Unseen (Armataur Artificer)            Turns: 17269, Time: 00:34:29

Health: -12/113    AC: 13    Str: 21    XL:     13   Next: 10%
Magic:  18/18      EV:  8    Int: 13    God:    Dithmenos [*****.]
Gold:   1420       SH:  0    Dex: 11    Spells: 12/12 levels left

rFire   . . .        K - +4 dagger (chaos)
rCold   . . .        (no shield)
rNeg    . . .        j - +0 acid dragon scales
rPois   .            G - +2 helmet
rElec   .            R - scarf {shadows}
rCorr   +            O - +0 pair of gloves
SInv    .            (no barding)
Will    .....        (no amulet)
Stlth   ++++++++++   v - +4 ring of slaying
HPRegen 1.68/turn    (no ring)
MPRegen 0.82/turn

%: roll
@: lethally poisoned (-12 -> -14), wreathed by umbra
A: large, deformed body, tough skin 3, armoured tail, rollpage 2
a: Renounce Religion, Shadow Step, Shadow Form


You were on level 2 of the Lair of Beasts.
You worshipped Dithmenos.
Dithmenos was extremely pleased with you.
You visited 3 branches of the dungeon, and saw 16 of its levels.
You also visited: Gauntlet.

You collected 1420 gold pieces.

Inventory:

Hand Weapons
 q - a +0 dagger of venom
   (You took it off a goblin on level 2 of the Dungeon)
 z - a +1 long sword of draining
   (You took it off a wight on level 5 of the Dungeon)
 C - a +5 dagger
   (You took it off a wight on level 6 of the Dungeon)
 K - a +4 dagger of chaos (weapon)
   (You took it off Psyche on level 10 of the Dungeon)
Missiles
 y - a throwing net (quivered)
Armour
 c - a +0 troll leather armour
   (You found it on level 10 of the Dungeon)
 j - +0 acid dragon scales (worn)
   (You found it on level 1 of the Dungeon)
 G - a +2 helmet (worn)
   (You found it on level 6 of the Dungeon)
 O - a +0 pair of gloves (worn)
   (You found it on level 13 of the Dungeon)
 R - a scarf of shadows (worn)
   (You found it on level 13 of the Dungeon)
Jewellery
 f - a ring of ice
   (You found it on level 13 of the Dungeon)
 v - a +4 ring of slaying (left hand)
   (You found it on level 3 of the Dungeon)
Wands
 d - a wand of charming (13)
 e - a wand of iceblast (9)
 l - a wand of polymorph (2)
   (You found it on level 6 of the Dungeon)
 t - a wand of paralysis (20)
   (You took it off Ijyb on level 3 of the Dungeon)
 J - a wand of quicksilver (3)
   (You took it off Psyche on level 10 of the Dungeon)
Scrolls
 i - 5 scrolls of fog
 k - 6 scrolls of poison
 m - 2 scrolls of enchant armour
 n - 3 scrolls of amnesia
 p - 8 scrolls of teleportation
 s - 4 scrolls of immolation
 B - 5 scrolls of silence
 E - a scroll of vulnerability
 F - a scroll of brand weapon
 I - a scroll of enchant weapon {unknown}
 L - 3 scrolls of blinking
 P - a scroll of fear {unknown}
 Q - a scroll of torment {unknown}
Potions
 a - 2 potions of brilliance {unknown}
 b - 3 potions of enlightenment {unknown}
 g - 3 potions of haste {unknown}
 h - a potion of curing
 o - 2 potions of invisibility {unknown}
 r - a potion of attraction {unknown}
 u - 2 potions of might {unknown}
 w - a potion of berserk rage {unknown}
 x - 2 potions of magic {unknown}
 A - 2 potions of heal wounds {unknown}
 D - 4 potions of lignification {unknown}
 H - 3 potions of mutation {unknown}
 M - a potion of ambrosia {unknown}
 N - a potion of cancellation {unknown}
Miscellaneous
 S - a sack of spiders
   (You found it on level 13 of the Dungeon)


   Skills:
 - Level 10.0 Fighting
 - Level 8.0 Short Blades
 - Level 10.0 Armour
 - Level 0.6 Dodging
 + Level 16.8 Stealth
 + Level 6.8 Invocations
 - Level 3.0 Evocations


You had 12 spell levels left.
You didn't know any spells.
Your spell library contained the following spells:

 Spells                   Type           Power      Damage    Failure   Level
 Foxfire                  Conj/Fire      0%         2x1d4     36%         1
 Sandblast                Erth           0%         2d4       36%         1
 Sting                    Conj/Alch      0%         1d3       36%         1
 Cigotuvi's Dreadful Rot  Necr/Alch/Air  0%         N/A       50%         2
 Lesser Beckoning         Tloc           0%         N/A       50%         2
 Mercury Vapours          Alch/Air       0%         N/A       50%         2
 Gell's Gravitas          Tloc           0%         N/A       75%         3
 Stone Arrow              Conj/Erth      0%         3d7       75%         3
 Teleport Other           Tloc           0%         N/A       75%         3
 Tukima's Dance           Hex            0%         N/A       75%         3
 Volatile Blastmotes      Fire/Tloc      0%         2d10      75%         3
 Animate Dead             Necr           0%         N/A       98%         4
 Brom's Barrelling Bould  Conj/Erth      0%         2d3       98%         4
 Dimensional Bullseye     Hex/Tloc       0%         N/A       98%         4
 Fulminant Prism          Conj/Alch      0%         3d5       98%         4
 Ignite Poison            Fire/Alch      0%         N/A       98%         4
 Iskenderun's Mystic Bla  Conj/Tloc      0%         2d3       98%         4
 Olgreb's Toxic Radiance  Alch           0%         N/A       98%         4
 Freezing Cloud           Conj/Ice/Air   0%         6-21      100%        5
 Plasma Beam              Fire/Air       0%         2x1d10    100%        6
 Starburst                Conj/Fire      0%         6d3       100%        6
 Haunt                    Necr/Summ      0%         N/A       100%        7
 Infestation              Necr           0%         N/A       100%        8


Dungeon Overview and Level Annotations

Branches:
Dungeon (13/15)            Temple (1/1) D:4            Lair (2/5) D:11
    Orc (0/2) D:12        Gauntlet (visited)
  Swamp: Lair:2-3    Shoals: Lair:2-3     Snake: Lair:2-3    Spider: Lair:2-3
 Vaults: D:13-14

Altars:
Ashenzari
Cheibriados
Dithmenos
Elyvilon
Fedhas
Gozag
Hepliaklqana
Kikubaaqudgha
Makhleb
Nemelex Xobeh
Okawaru
Qazlal
Ru
Sif Muna
Trog
Uskayaw
Vehumet
Wu Jian
Xom
Yredelemnul
Zin
The Shining One
Beogh


Innate Abilities, Weirdness & Mutations

Armour fits poorly on your strangely shaped body.
You have extremely tough skin. (AC +3)
You have a long armoured tail.
You regenerate magic and health when rolling toward enemies. (Rampage Regen)


Message History

Found a stone staircase leading down.
A water moccasin comes into view.
A water moccasin is nearby!
Found 12 gold pieces.
You roll towards the water moccasin!
The helpless water moccasin fails to defend itself.
You spit the water moccasin like a pig!!!!
Lightning courses through the water moccasin!!
You kill the water moccasin!
Dithmenos accepts your kill.
Found a flail.
You now have 1336 gold pieces (gained 12).
Found a stone staircase leading down.
Found a stone staircase leading down.
You pick up a book of Blasting and begin reading...
You add the spells Volatile Blastmotes and Fulminant Prism to your library.
A rime drake comes into view.
You roll towards the rime drake!
You roll towards the rime drake!
The helpless rime drake fails to defend itself.
You spit the rime drake like a pig!!!!
You kill the rime drake!
Dithmenos accepts your kill.
You see here a rime drake corpse.
Found an escape hatch in the floor.
A water moccasin comes into view.
A water moccasin is nearby!
You roll towards the water moccasin!
You hit the water moccasin.
The water moccasin seems to slow down.
You freeze the water moccasin.
The water moccasin is lightly wounded.
The water moccasin bites you but does no damage.
You closely miss the water moccasin. You tail-slap the water moccasin.
The water moccasin is moderately wounded.
You barely miss the water moccasin.
The water moccasin is moderately wounded.
Your shadow hits the water moccasin with a dagger.
The water moccasin bites you.
You hit the water moccasin. You tail-slap the water moccasin.
The water moccasin is heavily wounded.
You hit the water moccasin but do no damage.
Your tail-slap misses the water moccasin.
The water moccasin is heavily wounded.
The water moccasin bites you.
You hit the water moccasin but do no damage.
The water moccasin is heavily wounded.
Your shadow hits the water moccasin with a dagger.
You completely miss the water moccasin.
The water moccasin is severely wounded.
The water moccasin barely misses you.
You puncture the water moccasin!
The water moccasin seems to slow down.
You freeze the water moccasin.
The water moccasin is almost dead.
Your shadow hits the water moccasin with a dagger.
You kill the water moccasin!
Dithmenos accepts your kill.
No target in view!
No target in view!
s - 3 scrolls of immolation (gained 1)
L - 3 scrolls of blinking (gained 2)
You pick up a book of Geomancy and begin reading...
You add the spells Sandblast, Stone Arrow and Brom's Barrelling Boulder to your library.
You now have 1348 gold pieces (gained 12).
A water moccasin and a black mamba come into view.
The water moccasin hisses angrily.
The black mamba moves out of view.
A water moccasin is nearby!
You roll towards the water moccasin!
Found a leather armour.
The black mamba hisses angrily.
You puncture the water moccasin!
The water moccasin is moderately wounded.
Your shadow hits the water moccasin with a dagger.
The water moccasin barely misses you.
You hit the water moccasin but do no damage.
The water moccasin is heavily wounded.
The black mamba bites you.
You are poisoned.
The black mamba poisons you!
The water moccasin bites you but does no damage.
You barely miss the water moccasin.
The water moccasin is heavily wounded.
Your shadow closely misses the water moccasin.
You feel very sick. The black mamba barely misses you.
You hit the water moccasin. You freeze the water moccasin.
The water moccasin is severely wounded.
You feel very sick.
The water moccasin bites you but does no damage.
The black mamba barely misses you.
You hit the water moccasin.
The water moccasin appears confused.
The water moccasin is severely wounded.
You feel very sick. The black mamba completely misses you.
The water moccasin bites you but does no damage.
You puncture the black mamba!
The black mamba convulses.
The black mamba is moderately wounded.
You feel sick. The black mamba barely misses you.
You barely miss the black mamba.
The black mamba is moderately wounded.
You feel sick. The black mamba barely misses you.
You puncture the black mamba!
Lightning courses through the black mamba!
Your tail-slap misses the black mamba.
The black mamba is severely wounded.
Your shadow hits the black mamba with a dagger.
You feel sick. The black mamba bites you!
You hit the black mamba. You burn the black mamba.
The black mamba is almost dead.
You feel sick. The black mamba bites you! The black mamba closely misses you.
You barely miss the black mamba.
Your tail-slap misses the black mamba.
The black mamba is almost dead.
You feel sick.
The black mamba bites you but does no damage.
You hit the black mamba. You burn the black mamba.
You kill the black mamba!
Dithmenos accepts your kill.
You feel sick.
You feel sick.
You hit the water moccasin.
The water moccasin is severely wounded.
You feel sick. The water moccasin barely misses you.
You hit the water moccasin.
The water moccasin seems to slow down.
You freeze the water moccasin.
You kill the water moccasin!
Dithmenos accepts your kill.
Your Invocations skill increases to level 3!
No target in view!
You feel sick.
You feel sick.
g - 3 purple potions (gained 1)
You feel sick.
You feel sick.
You feel sick.
You are no longer poisoned.
You start resting.
HP restored.
Found 6 stones.
You see here 6 stones.
A black mamba comes into view.
A black mamba is nearby!
A black mamba is nearby!
You roll towards the black mamba!
The helpless black mamba fails to defend itself.
You perforate the black mamba like a sieve!!!!
You kill the black mamba!
Dithmenos accepts your kill.
A water moccasin comes into view.
Found a scroll of silence.
A water moccasin is nearby!
A water moccasin is nearby!
You roll towards the water moccasin!
The helpless water moccasin fails to defend itself.
You skewer the water moccasin like a kebab!!!!
You kill the water moccasin!
Dithmenos accepts your kill.
B - 5 scrolls of silence (gained 1)
There is a shaft here.
A water moccasin comes into view.
A water moccasin is nearby!
A water moccasin is nearby!
You roll towards the water moccasin!
The helpless water moccasin fails to defend itself.
You perforate the water moccasin like a sieve!!!!
You kill the water moccasin!
Dithmenos accepts your kill.
Found 6 stones.
You see here 6 stones.
You see here 6 stones.
A cane toad comes into view.
A cane toad is nearby!
You roll towards the cane toad!
A wolf comes into view. 2 wolves come into view.
You roll towards the cane toad!
A wolf comes into view.
The helpless cane toad fails to defend itself.
You stick the cane toad like a pincushion!!!!
The cane toad seems to slow down.
You freeze the cane toad.
You kill the cane toad!
Dithmenos accepts your kill.
A wolf comes into view.
The wolf howls! x4; You hear a howl!
A wolf comes into view.
The wolf bites you but does no damage.
The wolf howls!
You see here a cane toad corpse.
The wolf attacks as it pursues you! The wolf bites you but does no damage.
The wolf bites you! The wolf attacks as it pursues you!
The wolf bites you but does no damage. The wolf attacks as it pursues you!
The wolf barely misses you. The wolf attacks as it pursues you!
The wolf bites you but does no damage. The wolf bites you!
The wolf closely misses you.
The wolf bites you but does no damage. x2
The wolf bites you. The wolf completely misses you. The wolf bites you.
The wolf bites you but does no damage. The wolf bites you!
The wolf barely misses you. The wolf bites you!
You puncture the wolf! You burn the wolf.
The wolf is almost dead.
The wolf bites you.
You hit the wolf. Lightning courses through the wolf!!
You kill the wolf!
Dithmenos accepts your kill.
You hit the wolf. You burn the wolf.
Your tail-slap misses the wolf.
The wolf is moderately wounded.
The wolf bites you but does no damage.
You hit the wolf. You freeze the wolf. You tail-slap the wolf.
The wolf is heavily wounded.
The wolf bites you but does no damage.
You barely miss the wolf.
Your tail-slap misses the wolf.
The wolf is heavily wounded.
The wolf bites you but does no damage.
You barely miss the wolf.
Your tail-slap misses the wolf.
The wolf is heavily wounded.
The wolf bites you.
You puncture the wolf! You tail-slap the wolf.
You kill the wolf!
Dithmenos accepts your kill.
You hit the wolf.
The wolf seems to speed up.
You tail-slap the wolf!
The wolf is heavily wounded.
The wolf barely misses you.
You barely miss the wolf.
The wolf is heavily wounded.
The wolf bites you. The wolf bites you but does no damage.
You puncture the wolf!
The wolf is severely wounded.
The wolf closely misses you.
You puncture the wolf!
You kill the wolf!
Dithmenos accepts your kill.
You barely miss the wolf. The wolf bites you.
You hit the wolf. Lightning courses through the wolf!
Your tail-slap misses the wolf.
The wolf is severely wounded.
Your shadow barely misses the wolf.
The wolf bites you but does no damage.
You hit the wolf. You freeze the wolf.
The wolf is almost dead.
Your shadow hits the wolf but does no damage.
The wolf stops to sniff the ground.
The wolf bites you.
You barely miss the wolf.
The wolf is almost dead.
The wolf barely misses you.
You puncture the wolf!
You kill the wolf!
Dithmenos accepts your kill.
You barely miss the wolf. You tail-slap the wolf.
The wolf is moderately wounded.
The wolf bites you but does no damage.
You hit the wolf.
The wolf suddenly stops moving!
You tail-slap the wolf, but do no damage.
The wolf is heavily wounded.
The helpless wolf fails to defend itself.
You skewer the wolf like a kebab!!!! You burn the wolf!
You kill the wolf!
Dithmenos accepts your kill.
You hit the wolf but do no damage. The wolf bites you but does no damage.
You hit the wolf but do no damage. The wolf bites you.
You are too injured to fight recklessly!
You are too injured to fight recklessly!
You are too injured to fight recklessly!
You are too injured to fight recklessly!
You are too injured to fight recklessly!
You are too injured to fight recklessly!
You are too injured to fight recklessly!
You are too injured to fight recklessly!
You are too injured to fight recklessly!
You are too injured to fight recklessly!
You are too injured to fight recklessly!
You are too injured to fight recklessly!
You are too injured to fight recklessly!
You are too injured to fight recklessly!
You are too injured to fight recklessly!
You are too injured to fight recklessly!
You are too injured to fight recklessly!
You closely miss the wolf. The wolf bites you but does no damage.
You hit the wolf. You freeze the wolf.
Your tail-slap misses the wolf.
The wolf is lightly wounded.
Your shadow hits the wolf but does no damage.
The wolf bites you but does no damage.
You closely miss the wolf.
The wolf is lightly wounded.
The wolf barely misses you.
You hit the wolf.
The wolf appears confused.
Your tail-slap misses the wolf.
The wolf is moderately wounded.
You roll towards the wolf!
You hit the wolf but do no damage.
The wolf looks weaker.
The wolf is moderately wounded.
The wolf bites you.
You hit the wolf. You freeze the wolf.
The wolf is heavily wounded.
You roll towards the wolf!
You hit the wolf. You burn the wolf.
The wolf is severely wounded.
The wolf bites you but does no damage.
The wolf closely misses itself.
You catch the helpless wolf completely off-guard!
You impale the wolf!! Lightning courses through the wolf!
You kill the wolf!
Dithmenos accepts your kill.
Your Invocations skill increases to level 4!
Magic restored.
You now have 1360 gold pieces (gained 12).
You now have 1377 gold pieces (gained 17).
A komodo dragon comes into view.
A komodo dragon is nearby!
A komodo dragon is nearby!
The helpless komodo dragon fails to defend itself.
You skewer the komodo dragon like a kebab!!!!
You kill the komodo dragon!
Dithmenos accepts your kill.
You see here a komodo dragon corpse.
A komodo dragon comes into view.
A komodo dragon is nearby!
A komodo dragon is nearby!
A komodo dragon is nearby!
The helpless komodo dragon fails to defend itself.
You skewer the komodo dragon like a kebab!!!!
You burn the komodo dragon!!
You kill the komodo dragon!
Dithmenos accepts your kill.
You see here a komodo dragon corpse.
A black bear comes into view.
A black bear is nearby!
A black bear is nearby!
You roll towards the black bear!
You roll towards the black bear!
The helpless black bear fails to defend itself.
You perforate the black bear like a sieve!!!!
You kill the black bear!
Dithmenos accepts your kill.
No target in view!
You see here a black bear corpse.
You see here a black bear corpse.
There is a stone staircase leading down here.
You now have 1389 gold pieces (gained 12).
You see here 6 stones.
Done exploring.
Done exploring.
Done exploring.
You see here a cane toad skeleton.
You see here a wolf skeleton.
Things that are here:
a wolf skeleton; a wolf skeleton; a wolf skeleton
There is a stone staircase leading down here.
You climb downwards.
Found 15 gold pieces.
There is a stone staircase leading up here.
A water moccasin is nearby!
You see here 15 gold pieces.
The helpless water moccasin fails to defend itself.
You spit the water moccasin like a pig!!!!
You kill the water moccasin!
Dithmenos accepts your kill.
You now have 1404 gold pieces (gained 15).
s - 4 scrolls of immolation (gained 1)
A komodo dragon comes into view.
The komodo dragon moves out of view.
t - a wand of paralysis (21) (gained 8 charges)
Found a stone staircase leading down.
A polar bear comes into view.
A polar bear is nearby!
You roll towards the polar bear!
You roll towards the polar bear!
A bullfrog comes into view.
You roll towards the polar bear!
The helpless polar bear fails to defend itself.
You spit the polar bear like a pig!!!!
You kill the polar bear!
Dithmenos accepts your kill.
You see here a polar bear corpse.
A cane toad comes into view.
A cane toad is nearby!
The helpless cane toad fails to defend itself.
You perforate the cane toad like a sieve!!!!
You kill the cane toad!
Dithmenos accepts your kill.
A basilisk comes into view.
A basilisk is nearby!
The helpless basilisk fails to defend itself.
You skewer the basilisk like a kebab!!!!
You kill the basilisk!
Dithmenos accepts your kill.
Your Stealth skill increases to level 16!
You enter the shallow water.
A water moccasin comes into view.
A water moccasin is nearby!
The helpless water moccasin fails to defend itself.
You perforate the water moccasin like a sieve!!!!
You kill the water moccasin!
Dithmenos accepts your kill.
You see here a water moccasin corpse.
You open the door.
A five-headed hydra, a death yak, an elephant and a cane toad come into view.
Found 9 stones.
There are monsters nearby!
You roll towards the death yak!
The helpless death yak fails to defend itself.
You spit the death yak like a pig!!!!
You kill the death yak!
Dithmenos accepts your kill.
Your Invocations skill increases to level 5!
The helpless five-headed hydra fails to defend itself.
You stick the five-headed hydra like a pincushion!!!!
You kill the five-headed hydra!
Dithmenos accepts your kill.
You roll towards the cane toad!
The helpless cane toad fails to defend itself.
You stick the cane toad like a pincushion!!!!
You kill the cane toad!
Dithmenos accepts your kill.
The helpless elephant fails to defend itself.
You skewer the elephant like a kebab!!!!
You burn the elephant.
You kill the elephant!
Dithmenos accepts your kill.
Magic restored.
You see here 9 stones.
You open the door.
A komodo dragon, a water moccasin, a black mamba and a yak come into view.
Found 6 stones.
There are monsters nearby!
You roll towards the water moccasin!
You see here 6 stones.
The helpless komodo dragon fails to defend itself.
You spit the komodo dragon like a pig!!!!
The komodo dragon seems to slow down.
You freeze the komodo dragon.
You kill the komodo dragon!
Dithmenos accepts your kill.
The dead are walking!
The black mamba hisses angrily.
The water moccasin hisses angrily.
The water moccasin bites you but does no damage.
The black mamba bites your komodo dragon zombie.
The yak gores your komodo dragon zombie.
You closely miss the water moccasin. You tail-slap the water moccasin!
The water moccasin is heavily wounded.
The water moccasin barely misses you.
The black mamba bites your komodo dragon zombie!
You hit the water moccasin. You burn the water moccasin.
The water moccasin is severely wounded.
The yak gores your komodo dragon zombie but does no damage.
Your komodo dragon zombie bites the black mamba!!
You hit the black mamba but do no damage.
Your tail-slap misses the black mamba.
The black mamba is heavily wounded.
The water moccasin bites your komodo dragon zombie!
You hit the black mamba but do no damage.
The black mamba seems to grow stronger.
You tail-slap the black mamba.
The black mamba is heavily wounded.
The black mamba bites you but does no damage.
The yak gores your komodo dragon zombie.
You hit the black mamba but do no damage.
You drain the black mamba.
The black mamba is severely wounded.
The water moccasin bites your komodo dragon zombie.
The black mamba bites you.
Your komodo dragon zombie barely misses the water moccasin.
The yak gores your komodo dragon zombie!
You hit the black mamba. You burn the black mamba.
The black mamba is severely wounded.
The water moccasin bites your komodo dragon zombie but does no damage.
The black mamba bites you.
You are poisoned.
The black mamba poisons you!
You hit the black mamba.
The black mamba seems to slow down.
You freeze the black mamba.
The black mamba is almost dead.
You feel very sick.
Your komodo dragon zombie misses the water moccasin.
The water moccasin barely misses your komodo dragon zombie.
The yak gores your komodo dragon zombie but does no damage.
The black mamba closely misses you.
You miss the black mamba.
Your tail-slap misses the black mamba.
The black mamba is almost dead.
Your shadow hits the black mamba with a dagger.
You feel sick.
The water moccasin bites your komodo dragon zombie.
You hit the black mamba.
You kill the black mamba!
Dithmenos accepts your kill.
You feel sick.
Your komodo dragon zombie bites the water moccasin!!
The water moccasin dies!
Dithmenos accepts your kill.
You barely miss the yak. Your shadow hits the yak with a dagger.
You feel sick. The yak gores you but does no damage.
You hit the yak.
The yak is lightly wounded.
You feel sick.
Your komodo dragon zombie bites the yak!!
You barely miss the yak.
The yak is severely wounded.
You feel sick. The yak barely misses you.
You puncture the yak!
The yak is poisoned.
The yak is almost dead.
You feel sick.
Your komodo dragon zombie barely misses the yak.
You puncture the yak!
You kill the yak!
Dithmenos accepts your kill.
You feel sick.
You feel sick.
Things that are here:
a yak corpse; a black mamba corpse You feel sick.
You feel sick.
You feel sick.
You feel sick.
You are no longer poisoned.
HP restored.
You see here a water moccasin corpse.
You open the door.
There is an open door here.
A cane toad comes into view.
A cane toad is nearby!
The cane toad gives a loud, deep croak!
You hear a loud, deep croak!
You hear an angry hiss.
The cane toad stings you but does no damage.
You barely miss the cane toad. The cane toad stings you.
The cane toad barely misses you.
You hit the cane toad.
Lightning courses through the cane toad!
You tail-slap the cane toad.
The cane toad is severely wounded.
Your shadow barely misses the cane toad.
The cane toad stings you but does no damage.
You hit the cane toad but do no damage.
You tail-slap the cane toad, but do no damage.
The cane toad is severely wounded.
Your komodo dragon zombie bites the cane toad!
The cane toad dies!
Dithmenos accepts your kill.
Your Invocations skill increases to level 6!
No target in view!
No target in view!
A bullfrog comes into view.
The bullfrog moves out of view.
A water moccasin comes into view.
A water moccasin is nearby!
You swap places.
You closely miss the water moccasin. You miss the water moccasin.
The water moccasin bites you but does no damage.
You hit the water moccasin. You drain the water moccasin.
You tail-slap the water moccasin.
The water moccasin is heavily wounded.
The water moccasin closely misses you.
You barely miss the water moccasin.
The water moccasin is heavily wounded.
The water moccasin barely misses you.
You barely miss the water moccasin.
The water moccasin is heavily wounded.
Your shadow barely misses the water moccasin.
The water moccasin bites you.
You are poisoned.
The water moccasin poisons you!
You puncture the water moccasin!
The water moccasin appears confused.
The water moccasin is severely wounded.
You feel sick.
You strike the helpless water moccasin from behind!
You stick the water moccasin like a pincushion!!!
You kill the water moccasin!
Dithmenos accepts your kill.
You feel sick.
No target in view!
No target in view!
You feel sick.
You feel sick.
You feel sick.
You feel sick.
You feel sick.
You feel sick.
You feel sick.
You feel sick.
You are no longer poisoned.
You see here a water moccasin corpse.
You swap places.
A bullfrog is nearby!
No reachable target in view!
No reachable target in view!
You roll towards the bullfrog!
You enter the shallow water.
The helpless bullfrog fails to defend itself.
You stick the bullfrog like a pincushion!!!!
You kill the bullfrog!
Dithmenos accepts your kill.
A bullfrog comes into view.
A bullfrog is nearby!
A bullfrog is nearby!
No reachable target in view!
The helpless bullfrog fails to defend itself.
You perforate the bullfrog like a sieve!!!!
You burn the bullfrog!
You kill the bullfrog!
Dithmenos accepts your kill.
You see here a bullfrog corpse.
A blink frog comes into view.
A blink frog is nearby!
A blink frog is nearby!
You swap places.
You see here a bullfrog corpse.
The komodo dragon bites your komodo dragon zombie!
Your komodo dragon zombie bites the komodo dragon but does no damage.
You swap places.
A water moccasin comes into view.
The komodo dragon bites you!!
You hit the komodo dragon.
The komodo dragon is lightly wounded.
The komodo dragon barely misses you.
You hit the komodo dragon but do no damage.
The komodo dragon is lightly wounded.
Your komodo dragon zombie completely misses the komodo dragon.
You closely miss the komodo dragon.
The komodo dragon is lightly wounded.
The komodo dragon bites you!
You hit the komodo dragon but do no damage.
Your komodo dragon zombie completely misses the komodo dragon.
You hit the komodo dragon. You freeze the komodo dragon.
You tail-slap the komodo dragon!
The komodo dragon is moderately wounded.
The komodo dragon bites you.
You hit the komodo dragon. You freeze the komodo dragon.
You tail-slap the komodo dragon.
The komodo dragon is heavily wounded.
Your komodo dragon zombie bites the komodo dragon!
The komodo dragon bites you!
You hit the komodo dragon.
The komodo dragon is poisoned.
You tail-slap the komodo dragon, but do no damage.
The komodo dragon is almost dead.
The water moccasin bites you but does no damage.
You puncture the komodo dragon!
You kill the komodo dragon!
Dithmenos accepts your kill.
The water moccasin bites you but does no damage.
Your komodo dragon zombie bites the water moccasin.
You hit the water moccasin.
The water moccasin is moderately wounded.
The water moccasin bites you but does no damage.
You hit the water moccasin.
The water moccasin is moderately wounded.
The water moccasin closely misses you.
Your komodo dragon zombie closely misses the water moccasin.
You hit the water moccasin.
You feel better.
Your tail-slap misses the water moccasin.
The water moccasin is heavily wounded.
The water moccasin bites you.
* * * LOW HITPOINT WARNING * * *
You puncture the water moccasin! You tail-slap the water moccasin.
The water moccasin is almost dead.
Your komodo dragon zombie misses the water moccasin.
You miss the water moccasin. You tail-slap the water moccasin.
You kill the water moccasin!
Dithmenos accepts your kill.
You start resting.
A cane toad comes into view.
A cane toad is nearby!
A cane toad is nearby!
A cane toad is nearby!
You roll towards the cane toad!
You completely miss the cane toad.
Your shadow hits the cane toad with a dagger.
You hit the cane toad.
The cane toad suddenly seems more resistant.
Your tail-slap misses the cane toad.
The cane toad is lightly wounded.
The cane toad stings you but does no damage.
You barely miss the cane toad.
The cane toad is lightly wounded.
Your komodo dragon zombie bites the cane toad.
The cane toad barely misses you.
You closely miss the cane toad.
The cane toad is moderately wounded.
The cane toad stings you!
You are poisoned.
The cane toad poisons you!
You closely miss the cane toad.
The cane toad is moderately wounded.
You feel very sick.
Your komodo dragon zombie barely misses the cane toad.
You hit the cane toad.
The cane toad is caught in a web!
The cane toad is moderately wounded.
You feel sick.
The cane toad tears the web.
You hit the cane toad but do no damage.
The cane toad is moderately wounded.
You feel very sick.
The cane toad stings you but does no damage.
Your komodo dragon zombie bites the cane toad!!
You puncture the cane toad!
You kill the cane toad!
Dithmenos accepts your kill.
You feel sick.
You have reached level 13!
You feel very sick.
You feel sick.
You feel sick.
You feel sick.
You feel sick.
You feel sick.
You feel sick.
You feel sick.
You feel sick.
You are no longer poisoned.
A cane toad comes into view.
A cane toad is nearby!
A cane toad is nearby!
The cane toad stings your komodo dragon zombie!!
Your komodo dragon zombie is destroyed!
You roll towards the cane toad!
You hit the cane toad.
The cane toad is poisoned.
The cane toad is lightly wounded.
You hit the cane toad but do no damage.
The cane toad is lightly wounded.
The cane toad stings you but does no damage.
You hit the cane toad but do no damage.
The cane toad is lightly wounded.
The cane toad stings you.
You hit the cane toad. You burn the cane toad.
The cane toad is moderately wounded.
You hit the cane toad but do no damage.
You tail-slap the cane toad, but do no damage.
The cane toad is moderately wounded.
The cane toad stings you!
* * * LOW HITPOINT WARNING * * *
You hit the cane toad.
The cane toad seems to speed up.
The cane toad is heavily wounded.
Your shadow hits the cane toad but does no damage.
The cane toad stings you!
* * * LOW HITPOINT WARNING * * *
Aiming: Paralyse
Press: ? - help, Shift-Dir - straight line, f - cane toad
Aim: a cane toad (heavily wounded, fast, poisoned, umbra, chance to affect: 56%)
The cane toad suddenly stops moving!
The helpless cane toad fails to defend itself.
You skewer the cane toad like a kebab!!!!
You burn the cane toad!
You kill the cane toad!
Dithmenos accepts your kill.
A water moccasin comes into view.
A water moccasin is nearby!
A water moccasin is nearby!
A water moccasin is nearby!
No target in view!
No target in view!
No target in view!
You closely miss the water moccasin.
The water moccasin hisses angrily.
Your shadow hits the water moccasin but does no damage.
The water moccasin bites you but does no damage.
You hit the water moccasin.
The water moccasin is lightly wounded.
The water moccasin completely misses you.
You hit the water moccasin but do no damage.
You tail-slap the water moccasin!
The water moccasin is heavily wounded.
The water moccasin barely misses you.
You puncture the water moccasin!
The water moccasin seems to slow down.
You freeze the water moccasin.
You kill the water moccasin!
Dithmenos accepts your kill.
No target in view!
No target in view!
A yak comes into view.
A yak comes into view.
The yak bellows! x2
The blink frog gives a loud, deep croak!
You hear an angry hiss.
The blink frog barely misses you.
The yak snorts and paws the ground.
The blink frog hits you!
You puncture the blink frog! You burn the blink frog.
The blink frog is moderately wounded.
The blink frog hits you!
You closely miss the blink frog.
The blink frog is moderately wounded.
Your shadow misses the blink frog. You puncture the blink frog!
You tail-slap the blink frog!
The blink frog is almost dead.
The blink frog blinks!
You roll towards the yak!
You puncture the yak!
The yak suddenly seems more resistant.
You tail-slap the yak, but do no damage.
The yak is lightly wounded.
The yak gores you!
You hit the yak.
The yak is moderately wounded.
You hit the yak.
The yak suddenly stops moving!
The yak is moderately wounded.
The blink frog blinks!
The helpless yak fails to defend itself.
You stick the yak like a pincushion!!!!
You kill the yak!
Dithmenos accepts your kill.
You hit the yak.
The yak seems to slow down.
The yak is lightly wounded.
Your shadow hits the yak but does no damage.
You barely miss the yak.
The yak is lightly wounded.
You hit the yak but do no damage. You tail-slap the yak!
The yak is moderately wounded.
The yak gores you but does no damage.
You hit the yak. You burn the yak.
The yak is heavily wounded.
Your shadow hits the yak but does no damage.
You puncture the yak!
The yak is severely wounded.
You hit the yak.
The yak is severely wounded.
Your shadow hits the yak but does no damage.
The yak gores you.
You hit the yak but do no damage.
The yak is poisoned.
You tail-slap the yak.
The yak is almost dead.
Your shadow completely misses the yak.
You hit the yak. You burn the yak.
You kill the yak!
Dithmenos accepts your kill.
The blink frog blinks!
You hit the blink frog.
You kill the blink frog!
Dithmenos accepts your kill.
No target in view!
No target in view!
HP restored.
You see here a yak corpse.
You see here a yak corpse.
You see here a yak corpse.
A cane toad comes into view.
A cane toad is nearby!
A cane toad is nearby!
A cane toad is nearby!
A cane toad is nearby!
A cane toad is nearby!
A cane toad is nearby!
You roll towards the cane toad!
You roll towards the cane toad!
You roll towards the cane toad!
The helpless cane toad fails to defend itself.
You skewer the cane toad like a kebab!!!!
You kill the cane toad!
Dithmenos accepts your kill.
A black mamba comes into view.
A black mamba is nearby!
A black mamba is nearby!
The black mamba hisses angrily.
You roll towards the black mamba!
The black mamba bites you!
The black mamba bites you but does no damage.
You hit the black mamba. You burn the black mamba.
You tail-slap the black mamba, but do no damage.
The black mamba is lightly wounded.
The black mamba bites you.
You are poisoned.
The black mamba poisons you!
You closely miss the black mamba.
The black mamba is lightly wounded.
You feel very sick. The black mamba bites you!
You hit the black mamba.
The black mamba seems to slow down.
You freeze the black mamba. You tail-slap the black mamba.
The black mamba is moderately wounded.
You feel sick.
You hit the black mamba.
The black mamba is moderately wounded.
You feel sick. The black mamba bites you!
You puncture the black mamba!
The black mamba convulses.
The black mamba is heavily wounded.
You feel sick. The black mamba closely misses you.
You hit the black mamba. You burn the black mamba.
The black mamba is severely wounded.
Your shadow barely misses the black mamba.
You feel sick. The black mamba misses you.
You hit the black mamba.
Lightning courses through the black mamba!
You kill the black mamba!
Dithmenos accepts your kill.
You feel sick.
No target in view!
No target in view!
Magic restored.
You feel sick.
You feel sick.
You feel sick.
You feel sick.
You feel sick.
You feel sick.
You are no longer poisoned.
Found a stone staircase leading down. 2 yaks come into view.
There are monsters nearby!
A yak comes into view.
Found 16 gold pieces.
You roll towards the yak!
The helpless yak fails to defend itself.
You skewer the yak like a kebab!!!!
You kill the yak!
Dithmenos accepts your kill.
The helpless yak fails to defend itself.
You skewer the yak like a kebab!!!! You burn the yak!
You kill the yak!
Dithmenos accepts your kill.
The yak bellows!
The yak gores you but does no damage.
You see here a yak corpse.
You puncture the yak!
The yak is moderately wounded.
The yak gores you but does no damage.
You hit the yak. You freeze the yak.
Your tail-slap misses the yak.
The yak is moderately wounded.
You hit the yak. You tail-slap the yak!
The yak is severely wounded.
The yak barely misses you.
You closely miss the yak.
The yak is severely wounded.
Your shadow barely misses the yak.
You barely miss the yak.
The yak is severely wounded.
Your shadow hits the yak but does no damage.
The yak gores you.
You hit the yak but do no damage.
The acid corrodes the yak!
Your tail-slap misses the yak.
The yak is severely wounded.
Your shadow hits the yak with a dagger. The yak barely misses you.
A yak is nearby!
A yak is nearby!
You hit the yak. You tail-slap the yak.
You kill the yak!
Dithmenos accepts your kill.
No target in view!
You now have 1420 gold pieces (gained 16).
A black mamba comes into view.
A black mamba is nearby!
A black mamba is nearby!
You roll towards the black mamba!
You roll towards the black mamba!
You closely miss the black mamba.
The black mamba hisses angrily.
You tail-slap the black mamba!
The black mamba is moderately wounded.
The black mamba bites you.
You puncture the black mamba!
The black mamba seems to grow stronger.
The black mamba is heavily wounded.
The black mamba bites you!
You are poisoned.
The black mamba poisons you!
You closely miss the black mamba.
The black mamba is heavily wounded.
Your shadow hits the black mamba with a dagger.
You feel very sick. The black mamba bites you!
You miss the black mamba.
Your tail-slap misses the black mamba.
The black mamba is heavily wounded.
You feel sick. The black mamba bites you!
You are more poisoned.
The black mamba poisons you!
You are too injured to fight recklessly!
You are too injured to fight recklessly!
You closely miss the black mamba.
The black mamba is heavily wounded.
You feel very sick. The black mamba closely misses you.
You barely miss the black mamba.
The black mamba is heavily wounded.
Your shadow barely misses the black mamba.
You feel very sick. The black mamba barely misses you.
You hit the black mamba but do no damage.
The black mamba is heavily wounded.
Your shadow hits the black mamba but does no damage.
You feel very sick. The black mamba bites you.
* * * LOW HITPOINT WARNING * * *
You are more poisoned.
The black mamba poisons you!
You hit the black mamba.
The black mamba is severely wounded.
You feel very sick. The black mamba barely misses you.
You puncture the black mamba!
The black mamba is almost dead.
Your shadow hits the black mamba with a dagger.
You feel very sick. The black mamba barely misses you.
You miss the black mamba.
The black mamba is almost dead.
Your shadow hits the black mamba but does no damage.
You feel very sick. The black mamba misses you.
You hit the black mamba but do no damage.
You drain the black mamba.
The black mamba is almost dead.
You feel very sick. The black mamba bites you!!
* * * LOW HITPOINT WARNING * * *
The black mamba bites you!
* * * LOW HITPOINT WARNING * * *
You feel better. The black mamba bites you.
* * * LOW HITPOINT WARNING * * *
You hit the black mamba. You burn the black mamba.
The black mamba is almost dead.
Your shadow closely misses the black mamba.
The black mamba barely misses you.
You barely miss the black mamba.
The black mamba is almost dead.
Your shadow completely misses the black mamba.
The black mamba bites you!
* * * LOW HITPOINT WARNING * * *
You are poisoned.
The black mamba poisons you! The black mamba bites you!!
You die...

##.# ##...#.####.#.
#..## #......##.#..
#..P##.P............
#...................
##..................
#.###..##.#.##.##†.
#..######..######.#
#.P# ... ### #.@#
.P.. #.#S# .. #.###
..# #..# #... ##.


You could see a black mamba (strong, drained).

Vanquished Creatures
  A hydra (Lair:2)
  Erolcha (D:11)
  4 two-headed ogres
  A boulder beetle (D:13)
  A death yak (Lair:2)
  A centaur warrior (D:13)
  Lodul (D:12)
  A deep elf pyromancer (D:12)
  2 cyclopes
  An ugly thing (D:12)
  2 manticores
  A meliai (shapeshifter) (D:13)
  4 black mambas
  An elephant (Lair:2)
  A gargoyle (D:13)
  6 cane toads
  A rime drake (Lair:1)
  Psyche (D:10)
  5 komodo dragons
  2 polar bears
  2 trolls
  Prince Ribbit (D:6)
  A blink frog (Lair:2)
  3 slime creatures (D:13)
  4 wyverns
  A shadow (D:11)
  2 wraiths
  19 yaks
  A golden eye (D:9)
  2 basilisks
  7 vampire mosquitoes
  A steam dragon (D:9)
  Edmund (D:4)
  An acid dragon (D:10)
  A naga (D:12)
  11 water moccasins
  7 orc warriors
  2 sky beasts
  2 black bears
  8 ogres
  6 centaurs
  6 wolves (Lair:1)
  2 phantoms
  3 kobold brigands
  6 bullfrogs
  A gnoll sergeant (D:6)
  2 scorpions
  10 wights
  12 killer bees
  5 electric eels
  4 howler monkeys
  2 bombardier beetles
  3 hounds
  6 orc priests
  2 jellies
  2 gnoll boudas
  2 sleepcaps
  Ijyb (D:3)
  6 orc wizards
  2 iguanas
  5 adders
  7 gnolls
  A shadow imp (D:6)
  3 white imps
  3 ribbon worms
  49 orcs
  5 bats
  6 endoplasms
  3 goblins
  5 hobgoblins
  5 quokkas
  7 ball pythons
  4 frilled lizards
  17 kobolds
  6 rats
324 creatures vanquished.

Vanquished Creatures (collateral kills)
  A cane toad (Lair:2)
  A water moccasin (Lair:2)
  An ice beast (D:6)
  An adder (D:6)
4 creatures vanquished.

Vanquished Creatures (others)
  A komodo dragon zombie (Lair:2)
1 creature vanquished.

Grand Total: 329 creatures vanquished

Notes
Turn   | Place    | Note
-------+----------+-------------------------------------------
     0 | D:1      | sleeves the Armataur Artificer began the quest for the Orb.
     0 | D:1      | Reached XP level 1. HP: 15/15 MP: 1/1
   165 | D:1      | Reached skill level 2 in Stealth
   245 | D:1      | HP: 5/15 [frozen (5)]
   246 | D:1      | HP: 2/15 [frozen (3)]
   248 | D:1      | Reached XP level 2. HP: 4/22 MP: 2/2
   625 | D:2      | Reached skill level 3 in Stealth
  1004 | D:2      | Reached XP level 3. HP: 27/27 MP: 3/3
  1041 | D:2      | Reached skill level 1 in Short Blades
  1527 | D:3      | Reached skill level 2 in Short Blades
  1564 | D:3      | Noticed a phantom
  1753 | D:3      | Found a burning altar of Makhleb.
  1779 | D:3      | Reached XP level 4. HP: 34/34 MP: 4/4
  1824 | D:3      | You fall into a shaft and drop 2 floors!
  1824 | D:5      | Entered Level 5 of the Dungeon
  1946 | D:5      | Noticed a black bear
  1996 | D:5      | Reached skill level 3 in Short Blades
  2053 | D:4      | Reached XP level 5. HP: 37/39 MP: 5/5
  2162 | D:4      | Found a staircase to the Ecumenical Temple.
  2256 | Temple   | Entered the Ecumenical Temple
  2510 | Temple   | Became a worshipper of Dithmenos the Shadowed
  2579 | D:3      | Noticed Ijyb
  2581 | D:3      | Paralysed by Ijyb for 2 turns
  2593 | D:3      | Paralysed by Ijyb for 3 turns
  2603 | D:3      | Killed Ijyb
  2646 | D:3      | Reached skill level 4 in Short Blades
  2932 | D:2      | HP: 17/39 [phantom (5)]
  2937 | D:2      | Killed a phantom
  2938 | D:2      | Reached skill level 4 in Stealth
  2938 | D:2      | Reached XP level 6. HP: 22/46 MP: 6/6
  3423 | D:4      | Noticed Edmund
  3446 | D:4      | HP: 23/46 [Edmund/+2 dire flail of holy wrath (9)]
  3454 | D:4      | HP: 14/46 [Edmund/+2 dire flail of holy wrath (10)]
  3456 | D:4      | Killed Edmund
  3661 | D:4      | Found a white marble altar of Elyvilon.
  3714 | D:4      | Found a sparkling altar of Nemelex Xobeh.
  3718 | D:4      | Reached skill level 5 in Stealth
  3767 | D:4      | Reached skill level 5 in Short Blades
  3877 | D:4      | Gained mutation: You regenerate magic and health when
                  | rolling toward enemies. (Rampage Regen) [Armataur growth]
  3877 | D:4      | Reached XP level 7. HP: 41/51 MP: 7/7
  4229 | D:5      | Reached skill level 6 in Stealth
  4311 | D:5      | HP: 21/51 [iguana (11)]
  4856 | D:5      | Reached skill level 6 in Short Blades
  5024 | D:6      | HP: 25/51 [wight/+0 flail (6)]
  5044 | D:6      | Reached skill level 7 in Stealth
  5058 | D:6      | Reached * piety under Dithmenos
  5059 | D:6      | Reached XP level 8. HP: 40/58 MP: 8/8
  5213 | D:6      | Reached skill level 8 in Stealth
  5225 | D:6      | HP: 26/58 [gnoll sergeant/+1 trident of venom (10)]
  5230 | D:6      | Reached skill level 7 in Short Blades
  5703 | D:6      | Noticed Prince Ribbit
  5825 | D:6      | Killed Prince Ribbit
  5826 | D:6      | Reached skill level 9 in Stealth
  6008 | D:6      | Reached XP level 9. HP: 59/63 MP: 9/9
  6120 | D:6      | Reached skill level 8 in Short Blades
  6828 | D:7      | Reached skill level 10 in Stealth
  7235 | D:8      | Reached ** piety under Dithmenos
  7250 | D:8      | Found a shimmering altar of Xom.
  7634 | D:8      | Found a snail-covered altar of Cheibriados.
  7719 | D:8      | Reached skill level 11 in Stealth
  8323 | D:8      | Found a shimmering blue altar of Sif Muna.
  8395 | D:9      | Reached skill level 12 in Stealth
  8658 | D:9      | HP: 28/63 [orc priest/divine providence (14)]
  8842 | D:9      | HP: 31/63 [wyvern (10)]
  8857 | D:9      | Noticed a two-headed ogre
  9059 | D:9      | Reached skill level 13 in Stealth
  9103 | D:9      | HP: 30/63 [electric eel/bolt of electricity (7)]
  9233 | D:9      | HP: 25/63 [electric eel/bolt of electricity (9)]
  9411 | D:9      | HP: 28/63 [two-headed ogre/+0 giant spiked club (4)]
  9413 | D:9      | Killed a two-headed ogre
  9414 | D:9      | Reached XP level 10. HP: 32/70 MP: 10/10
  9574 | D:9      | Reached skill level 14 in Stealth
  9738 | D:9      | Reached *** piety under Dithmenos
  9856 | D:9      | HP: 32/70 [yak (13)]
 10004 | D:9      | Found an iron altar of Okawaru.
 10238 | D:8      | Reached skill level 15 in Stealth
 10238 | D:8      | Reached skill level 1 in Fighting
 10393 | D:9      | HP: 22/63 [wight/+0 halberd (13)]
 10543 | D:9      | Reached skill level 3 in Armour
 10699 | D:10     | Entered Level 10 of the Dungeon
 10712 | D:10     | Reached skill level 2 in Fighting
 10749 | D:10     | HP: 32/69 [vampire mosquito (4)]
 10751 | D:10     | Reached skill level 4 in Armour
 10754 | D:10     | HP: 28/72 [vampire mosquito (6)]
 10759 | D:10     | HP: 10/74 [vampire mosquito (7)]
 11051 | D:10     | Found a glowing silver altar of Zin.
 11056 | D:10     | Reached skill level 3 in Fighting
 11102 | D:10     | Reached skill level 5 in Armour
 11125 | D:10     | Noticed Psyche
 11129 | D:10     | Killed Psyche
 11154 | D:10     | HP: 39/78 [poisoned by a killer bee]
 11159 | D:10     | HP: 28/78 [poisoned by a killer bee]
 11160 | D:10     | Reached skill level 4 in Fighting
 11164 | D:10     | HP: 22/78 [poisoned by a killer bee]
 11169 | D:10     | HP: 16/78 [killer bee (3)]
 11448 | D:10     | Reached skill level 6 in Armour
 11539 | D:10     | Found a blossoming altar of Fedhas.
 11725 | D:11     | Found a gate leading to a gauntlet.
 11789 | D:11     | Reached **** piety under Dithmenos
 11838 | Gauntlet | Entered a Gauntlet
 11838 | Gauntlet | Found a transporter.
 11838 | Gauntlet | Found a transporter.
 11844 | Gauntlet | Found a transporter.
 11856 | Gauntlet | Found a transporter.
 11870 | Gauntlet | Found a large runed translucent door.
 11871 | Gauntlet | Found a large runed translucent door.
 11872 | Gauntlet | Found a large runed translucent door.
 11872 | Gauntlet | Found a large runed translucent door.
 11872 | Gauntlet | Found a large runed translucent door.
 11872 | Gauntlet | Found a large runed translucent door.
 11872 | Gauntlet | Found a large runed translucent door.
 11872 | Gauntlet | Found a large runed translucent door.
 11873 | Gauntlet | Found a runed translucent door.
 11873 | Gauntlet | Found a runed translucent gate.
 11874 | Gauntlet | Found a transporter.
 11874 | Gauntlet | Found a runed translucent gate.
 11874 | Gauntlet | Found a transporter.
 11874 | Gauntlet | Found a transporter.
 11874 | Gauntlet | Noticed a lightning spire
 11876 | Gauntlet | Found a transporter.
 11876 | Gauntlet | Found a transporter.
 11882 | Gauntlet | Noticed an entropy weaver
 11888 | Gauntlet | Found a transporter.
 11902 | Gauntlet | Noticed a blizzard demon
 11904 | Gauntlet | Found a transporter.
 11912 | Gauntlet | Noticed a meliai
 11914 | Gauntlet | Found a transporter.
 11914 | Gauntlet | Noticed a meliai
 11914 | Gauntlet | Noticed a meliai
 11928 | Gauntlet | Found a transporter.
 11940 | Gauntlet | Found a large runed translucent door.
 11941 | Gauntlet | Found a large runed translucent door.
 11942 | Gauntlet | Found a large runed translucent door.
 11942 | Gauntlet | Found a large runed translucent door.
 11942 | Gauntlet | Found a large runed translucent door.
 11942 | Gauntlet | Found a large runed translucent door.
 11943 | Gauntlet | Found a large runed translucent door.
 11943 | Gauntlet | Found a large runed translucent door.
 11943 | Gauntlet | Found a runed translucent gate.
 11943 | Gauntlet | Found a runed translucent door.
 11948 | Gauntlet | Found a transporter.
 12155 | D:11     | Noticed a manticore
 12183 | D:11     | Killed a manticore
 12184 | D:11     | Reached XP level 11. HP: 51/85 MP: 11/11
 12324 | D:11     | Found a staircase to the Lair.
 12348 | D:11     | Noticed a two-headed ogre
 12352 | D:11     | Killed a two-headed ogre
 12353 | D:11     | Reached skill level 5 in Fighting
 12353 | D:11     | Reached skill level 7 in Armour
 12504 | D:11     | Noticed a two-headed ogre
 12509 | D:11     | Killed a two-headed ogre
 12510 | D:11     | Reached skill level 8 in Armour
 12540 | D:11     | Reached skill level 6 in Fighting
 12678 | D:10     | Found an ornate altar of the Wu Jian Council.
 12678 | D:10     | Found a stormy altar of Qazlal.
 12678 | D:10     | Found a hide-covered altar of Uskayaw.
 12729 | D:11     | Noticed Erolcha
 12733 | D:11     | Killed Erolcha
 13053 | D:12     | Noticed a green ugly thing
 13054 | D:12     | Reached skill level 9 in Armour
 13080 | D:12     | Killed a green ugly thing
 13080 | D:12     | Reached ***** piety under Dithmenos
 13085 | D:12     | Reached skill level 7 in Fighting
 13266 | D:12     | Found a roughly hewn altar of Beogh.
 13267 | D:12     | Found a staircase to the Orcish Mines.
 13313 | D:12     | HP: 37/92 [orc warrior/+0 glaive (11)]
 13318 | D:12     | HP: 29/92 [orc/+0 falchion (1)]
 13323 | D:12     | HP: 29/92 [orc/+0 falchion (5)]
 13586 | D:12     | Noticed a deep elf pyromancer
 13595 | D:12     | Killed a deep elf pyromancer
 13596 | D:12     | Reached skill level 10 in Armour
 13611 | D:12     | Noticed Lodul
 13617 | D:12     | Reached skill level 8 in Fighting
 13619 | D:12     | Killed Lodul
 13684 | D:12     | Noticed a two-headed ogre
 13688 | D:12     | Killed a two-headed ogre
 13689 | D:12     | Reached XP level 12. HP: 103/103 MP: 12/12
 14007 | D:13     | Noticed a boulder beetle
 14065 | D:13     | Found an opulent altar of Gozag.
 14070 | D:13     | Found an opulent altar of Gozag.
 14075 | D:13     | Found an opulent altar of Gozag.
 14082 | D:13     | Found an opulent altar of Gozag.
 14085 | D:13     | Reached skill level 9 in Fighting
 14144 | D:13     | HP: 51/104 [gargoyle/+0 mace (13)]
 14147 | D:13     | HP: 17/104 [gargoyle/+0 mace (18)]
 14828 | D:13     | Identified the +3 helmet of Futzisk {-Tele Harm rF++ MP+9}
 14924 | D:13     | Noticed a centaur warrior
 14925 | D:13     | Killed a centaur warrior
 14926 | D:13     | Reached skill level 10 in Fighting
 14932 | D:13     | Reached skill level 1 in Invocations
 15007 | D:13     | Killed a boulder beetle
 15063 | Lair:1   | Entered Level 1 of the Lair of Beasts
 15066 | Lair:1   | Reached skill level 2 in Invocations
 15418 | Lair:1   | Reached skill level 3 in Invocations
 15929 | Lair:1   | Reached skill level 4 in Invocations
 16488 | Lair:2   | Reached skill level 16 in Stealth
 16515 | Lair:2   | Noticed a five-headed hydra
 16515 | Lair:2   | Noticed a death yak
 16516 | Lair:2   | Killed a death yak
 16517 | Lair:2   | Reached skill level 5 in Invocations
 16517 | Lair:2   | Killed a five-headed hydra
 16595 | Lair:2   | Reached skill level 6 in Invocations
 16722 | Lair:2   | HP: 53/106 [water moccasin (4)]
 16769 | Lair:2   | HP: 52/106 [poisoned by a cane toad]
 16770 | Lair:2   | Reached XP level 13. HP: 55/113 MP: 17/17
 16774 | Lair:2   | HP: 47/113 [poisoned by a cane toad]
 16848 | Lair:2   | HP: 55/113 [cane toad (16)]
 17262 | Lair:2   | HP: 54/113 [black mamba (5)]
 17266 | Lair:2   | HP: 18/113 [black mamba (20)]
 17269 | Lair:2   | HP: 7/113 [black mamba (15)]
 17269 | Lair:2   | Mangled by a black mamba

Illustrated notes

Levels and vault maps discovered:
D:1:      dpeg_arrival_rooms_a, layout_rooms, chequers_serial_rivers_small_b,
          minmay_tetromino_t4
D:2:      layout_loops_corners
D:3:      layout_basic, mainiacjoe_overflow_tiny_flanked,
          chequers_serial_rivers_small_3, uniq_ijyb
D:4:      layout_loops_ring, marbit_many_paths, nicolae_elyvilon_peaceful_grove,
          minmay_temple_entry_junction, palyth_stone_intersect,
          minmay_misc_feat_secret_circle, uniq_edmund
D:5:      layout_basic, minmay_stone_trees_medium
D:6:      kb_forest_paths, layout_basic, water_maze_lemuel, uniq_prince_ribbit1
D:7:      layout_basic, chequers_serial_rivers_room_a,
          chequers_serial_rivers_small_a
D:8:      layout_basic, old_standard_altar,
          mainiacjoe_overflow_concentric_impassable, kennysheep_little_box,
          serial_glass, glass_columns_a, glass_columns_b
D:9:      layout_loops_cross, okawaru_trees_2, disabler_island
D:10:     layout_rooms, nicolae_overflow_hidden_temple,
          mainiacjoe_overflow_surrounded_room, uniq_psyche
D:11:     layout_basic, lair_entry_dummy, gauntlet_entry_generic, uniq_erolcha
D:12:     layout_long_grid, david_orc_5, uniq_lodul
D:13:     layout_roguey, grunt_vaults_entry_fortified, minivault_10,
          nicolae_gozag_conspicuous_consumption
Temple:   jpeg_temple_alley_garden
Lair:1:   layout_layer_cave
Lair:2:   nzn_winding_woodlands_medium [nzn_winding_woodlands_5x5_default,
          nzn_winding_woodlands_5x15_pathside_ponds,
          nzn_winding_woodlands_5x5_perimeter,
          nzn_winding_woodlands_5x5_closed_star,
          nzn_winding_woodlands_center_lodge, nzn_winding_woodlands_5x5_cross,
          nzn_winding_woodlands_5x5_three,
          nzn_winding_woodlands_5x15_river_crossing,
          nzn_winding_woodlands_5x5_default], layout_chaotic_city,
          nicolae_snake_entry_warm_welcome, serial_forest,
          infiniplex_forest_lined_2, infiniplex_forest_clump_cross,
          infiniplex_forest_clump_small, infiniplex_forest_clump_large,
          infiniplex_forest_straight_2, infiniplex_forest_zigzag_2,
          infiniplex_forest_end_3, infiniplex_forest_lined_2,
          infiniplex_forest_lined_corner

Skill      XL: |  1  2  3  4  5  6  7  8  9 10 11 12 |
---------------+-------------------------------------+-----
Stealth        | 2 3 4 5 7 9 13 15 16 | 16.8
Short Blades   | 2 3 4 5 6 7 8 |  8.0
Fighting       | 4 8 10 | 10.0
Armour         | 6 10 | 10.0
Invocations    | 6 |  6.8
Dodging        | |  0.6
Evocations     | |  3.0

Action                     |  1- 3 |  4- 6 |  7- 9 | 10-12 | 13-15 || total
---------------------------+-------+-------+-------+-------+-------++-------
  Melee: Club              |    68 |       |       |       |       ||    68
         Tailslap          |    13 |    38 |    59 |   108 |    11 ||   229
         Dagger            |    64 |   164 |   334 |   614 |    57 ||  1233
  Throw: Throwing net      |       |       |       |     1 |       ||     1
  Evoke: Wand              |       |     2 |    16 |    19 |     1 ||    38
    Use: Scroll            |       |       |     8 |     4 |       ||    12
         Potion            |       |       |     1 |     2 |     1 ||     4
   Stab: Sleeping          |     5 |     3 |    19 |    48 |     3 ||    78
         Distracted        |     1 |       |       |     2 |       ||     3
         Paralysed         |       |     1 |     4 |     6 |     2 ||    13
         Held in net/web   |       |       |       |     2 |       ||     2
         Confused          |       |       |       |     3 |       ||     3
         Petrifying        |       |       |       |     1 |       ||     1
         Petrified         |       |       |       |     1 |       ||     1
 Armour: Leather armour    |    12 |       |       |       |       ||    12
         Acid dragon scale |    85 |    85 |   193 |   361 |    28 ||   752
  Dodge: Dodged            |    57 |    33 |    87 |   183 |    13 ||   373

Table legend: (Time is in decaauts)
 A = Elapsed time spent in this place.
 B = Non-inter-level travel time spent in this place.
 C = Inter-level travel time spent in this place.
 D = Time resting spent in this place.
 E = Time spent auto-exploring this place.
 F = Levels seen in this place.
 G = Mean time per level.
                   A        B        C        D        E       F      G
               +--------+--------+--------+--------+--------+-----+--------+
         Total |  16889 |  15979 |    910 |   1901 |  10972 |  17 |  993.5 |
       Dungeon |  14255 |  13415 |    840 |   1573 |   9151 |  13 | 1096.5 |
        Temple |    283 |    254 |     29 |    200 |      0 |   1 |  283.0 |
          Lair |   2136 |   2096 |     40 |    128 |   1703 |   2 | 1068.0 |
      Gauntlet |    213 |    213 |      0 |      0 |    118 |   1 |  213.0 |
               +--------+--------+--------+--------+--------+-----+--------+

Top non-repeatable levels by time:
     D:9: 1701 daAuts
     D:8: 1595 daAuts
  Lair:1: 1343 daAuts
    D:11: 1166 daAuts
     D:2: 1099 daAuts
     D:6: 1095 daAuts
     D:7: 1075 daAuts
     D:5: 1064 daAuts
     D:4: 1053 daAuts
    D:13: 1037 daAuts
    D:10: 968 daAuts
     D:3: 964 daAuts
    D:12: 839 daAuts
  Lair:2: 792 daAuts
     D:1: 595 daAuts
